 Dungeon Crawl Stone Soup version 0.22-a0-402-ga933591 (webtiles) character file.

509 Gildeon the Cleaver (level 6, -5/45 HPs)
             Began as a Minotaur Fighter on May 4, 2018.
             Was a Follower of Nemelex Xobeh.
             Killed from afar by a white draconian (24 damage)
             ... with a chilling blast
             ... on level 2 of the Abyss on May 6, 2018.
             The game lasted 00:11:22 (2542 turns).

Gildeon the Cleaver (Minotaur Fighter)              Turns: 2542, Time: 00:11:22

Health: -5/45      AC: 10    Str: 19    XL:     6   Next: 98%
Magic:  5/5        EV:  7    Int:  6    God:    Nemelex Xobeh [*.....]
Gold:   272        SH:  0    Dex: 10    Spells: 5/5 levels left

rFire    . . .     SeeInvis .   a - +1 war axe
rCold    . . .     Gourm    .   (no shield)
rNeg     . . .     Faith    .   n - +0 chain mail
rPois    .         Spirit   .   (helmet restricted)
rElec    .         Reflect  .   (no cloak)
rCorr    .         Harm     .   k - +0 pair of gloves
MR       .....                  (no boots)
Stlth    ..........             (no amulet)
HPRegen  0.15/turn              (no ring)
MPRegen  0.09/turn              (no ring)

@: no status effects
A: retaliatory headbutt, horns 2, frail 1, weak 1
a: Renounce Religion


You were on level 2 of the Abyss.
You worshipped Nemelex Xobeh.
Nemelex Xobeh was aware of your devotion.
You were not hungry.

You visited 1 branch of the dungeon, and saw 4 of its levels.
You visited the Abyss 1 time.

You collected 272 gold pieces.

Inventory:

Hand Weapons
 a - a +1 war axe (weapon)
 c - the +1 spear "Killer Klown's Peril" {distort, rN+}
   (You found it on level 4 of the Dungeon)

   It warps and distorts space around it.
   Unwielding it can cause banishment or high damage.
   It protects you from negative energy.
Missiles
 j - 26 arrows
Armour
 k - a +0 pair of gloves (worn)
 n - a +0 chain mail (worn)
Wands
 g - a wand of disintegration (16)
Scrolls
 i - a scroll of fear
 l - a scroll of fog
Potions
 e - a potion of haste {unknown}
 m - 3 potions of curing
Miscellaneous
 d - a legendary deck of escape {drawn: 2}
Comestibles
 b - a chunk of flesh
 f - 3 rations


   Skills:
 - Level 3.6 Fighting
 + Level 12.6 Axes
 - Level 3.6 Armour
   Level 3.6 Shields


You had 5 spell levels left.
You didn't know any spells.

Dungeon Overview and Level Annotations

Branches:
Dungeon (4/15)
 Temple: D:4-7

Altars:
Nemelex Xobeh


Innate Abilities, Weirdness & Mutations

You reflexively headbutt those who attack you in melee.
You have a pair of horns on your head.
You are frail. (-10% HP)
You are weak. (Str -2)


Message History

An iron imp comes into view.
The small abomination barely misses you.
You furiously retaliate!
You headbutt the small abomination!
The shadow imp shouts, "Back with thee, thou qualling toad-spotted cretin!"
Found 51 gold pieces.
The small abomination barely misses you.
You furiously retaliate!
You headbutt the small abomination.
The small abomination hits you but does no damage.
Found 15 stones.
You see here 51 gold pieces.
You now have 272 gold pieces (gained 51).
The small abomination barely misses you.
The small abomination hits you but does no damage.
A neqoxec comes into view.
The neqoxec shouts!
The white draconian breathes frost at you.
The chilling blast hits you!
Ouch! That really hurt!
You die...
Your body disappears without a glow.

.. . # # . ...
.#3 .#.# ####.#
#....
..#.##.... ##
#..#..# .#.
#.@..# ..#
##x.### #...#
#.#.#.##..#.#
..##X...#..#.#
####.#..#.#....
#.##.d...#
#.#..#E..#
#...#...# #.
.#.##.##...


You could see a white draconian, a large abomination, a water elemental, a
neqoxec and a small abomination.

Vanquished Creatures
  Eustachio (D:4)
  A sky beast (Abyss:2)
  An orc priest (D:3)
  An orc wizard (D:3)
  A centaur skeleton (D:2)
  4 adders
  A shadow imp (D:2)
  A worm (D:3)
  4 dart slugs
  3 leopard geckos
  11 orcs (D:3)
  7 bats
  6 giant cockroaches
  8 hobgoblins
  6 jackals
  A quokka (D:3)
  5 frilled lizards
  8 goblins
  A jackal skeleton (D:4)
  5 kobolds
  12 rats
88 creatures vanquished.

Notes
Turn   | Place    | Note
-------+----------+-------------------------------------------
     0 | D:1      | Gildeon the Minotaur Fighter began the quest for the Orb.
     0 | D:1      | Reached XP level 1. HP: 19/19 MP: 0/0
    27 | D:1      | Reached skill level 3 in Axes
   291 | D:1      | Reached XP level 2. HP: 26/26 MP: 1/1
   322 | D:1      | Upgraded the game from 0.22-a0-398-g8bb545f to 0.22-a0-402-ga933591
   568 | D:1      | Reached skill level 4 in Axes
   699 | D:2      | Reached skill level 11 in Axes
   699 | D:2      | Reached XP level 3. HP: 31/31 MP: 2/2
   784 | D:2      | Reached XP level 4. HP: 39/39 MP: 3/3
  1020 | D:2      | Reached XP level 5. HP: 39/45 MP: 4/4
  1725 | D:3      | Found a sparkling altar of Nemelex Xobeh.
  1733 | D:3      | Became a worshipper of Nemelex Xobeh the Trickster
  2320 | D:4      | Noticed Eustachio
  2332 | D:4      | Killed Eustachio
  2332 | D:4      | Reached skill level 12 in Axes
  2332 | D:4      | Reached XP level 6. HP: 51/51 MP: 5/5
  2340 | D:4      | Received a gift from Nemelex Xobeh
  2445 | D:4      | Got a faintly glowing spear
  2446 | D:4      | Identified the +1 spear "Killer Klown's Peril" {distort, rN+} (You found it on level 4 of the Dungeon)
  2447 | D:4      | Cast into level 2 of the Abyss (a distortion unwield)
  2490 | Abyss:2  | Noticed a sky beast
  2503 | Abyss:2  | Noticed a neqoxec
  2503 | Abyss:2  | Killed a sky beast
  2505 | Abyss:2  | Gained mutation: You are frail. (-10% HP) [a neqoxec]
  2509 | Abyss:2  | Gained mutation: You are weak. (Str -2) [a neqoxec]
  2511 | Abyss:2  | Noticed a water elemental
  2512 | Abyss:2  | Noticed a white draconian
  2514 | Abyss:2  | Reached * piety under Nemelex Xobeh
  2514 | Abyss:2  | Noticed a large abomination
  2515 | Abyss:2  | Noticed a green draconian scorcher
  2541 | Abyss:2  | Noticed a neqoxec
  2542 | Abyss:2  | Killed from afar by a white draconian

Vault maps used:
D:1:      noname_arrival_rooms_in_the_neighbourhood,
          minmay_misc_feat_four_crosses
D:2:      cheibrodos_helix_gallery, tgw_xom
D:3:      old_standard_altar
D:4:      uniq_natasha, uniq_eustachio
Abyss:2:  hangedman_abyss_mock_shop, serial_sigils_hangedman_gut

Skill      XL: |  1  2  3  4  5 |
---------------+----------------+-----
Axes           | 3 11 12 | 12.6
Fighting       | |  3.6
Armour         | |  3.6
Shields        | |  3.6

Action                   |  1- 3 |  4- 6 || total
-------------------------+-------+-------++-------
Melee: War axe           |    42 |   118 ||   160
       Headbutt          |     9 |    18 ||    27
Evoke: Deck              |       |     2 ||     2
  Use: Scroll            |     3 |    11 ||    14
       Potion            |     1 |     2 ||     3
  Eat: Chunk             |       |     5 ||     5
Armor: Scale mail        |    24 |    21 ||    45
       Chain mail        |       |    46 ||    46
Dodge: Dodged            |    24 |    44 ||    68

Table legend:
 A = Spawn XP
 B = Non-spawn XP
 C = Spawn XP percentage of total XP
 D = Spawn monster count
 E = Non-spawn monster count
 F = Spawn count percentage of total count
 G = Total turns spent on level
                    A         B        C        D         E        F      G
               +---------+---------+-------+---------+---------+-------+---------
         Total |     133 |     543 |  19.7 |       1 |      87 |   1.1 |  2542
               +---------+---------+-------+---------+---------+-------+---------
           D:1 |       0 |      36 |   0.0 |       0 |      22 |   0.0 |   672
           D:2 |       0 |     119 |   0.0 |       0 |      28 |   0.0 |   652
           D:3 |       0 |     164 |   0.0 |       0 |      33 |   0.0 |   980
           D:4 |       0 |     224 |   0.0 |       0 |       4 |   0.0 |   143
       Abyss:2 |     133 |       0 | 100.0 |       1 |       0 | 100.0 |    95
               +---------+---------+-------+---------+---------+-------+---------
